Map: Pillars of Gold LE

Players

kurbo

  • Race: Terran Terran
  • League: Platinum
  • Spawn Location: 1:00

ViBE - Winner!

  • Race: Zerg Zerg
  • League: Platinum
  • Spawn Location: 7:00

VOD

Have the link to the VOD?

Description

Time

  • Played on: March 30, 2021, 11:47 p.m.
  • Length: 10:43
Show
View Real Time Build Order
Export as new Build Order

kurbo Terran 

Build Orders: 2 Factory, Mech 

Get SALT Encoding   

  12  0:00  SCV  
  13  0:12  SCV  
  14  0:24  SCV  
  14  0:26  Supply Depot  
  15  0:48  SCV  
  16  0:50  Barracks  
  16  0:52  Refinery  
  16  1:00  SCV  
  17  1:12  SCV  
  18  1:24  SCV  
  19  1:36  SCV  
  21  1:40  Reaper  
  21  1:42  Command Center  
  21  1:50  Orbital Command  
  21  2:04  Supply Depot  
  21  2:23  Refinery  
  21  2:26  SCV  
  22  2:36  Factory  
  22  2:38  SCV  
  22  2:42  Barracks Reactor  
  23  2:50  SCV  
  24  2:56  Supply Depot  
  24  3:00  Orbital Command  
  24  3:02  SCV  
  25  3:14  SCV  
  26  3:23  Factory  
  26  3:24  Supply Depot  
  26  3:25  SCV  
  26  3:26  SCV  
  28  3:32  Hellion x2  
  32  3:37  SCV  
  33  3:43  SCV  
  34  3:49  SCV  
  34  3:55  SCV  
  36  3:57  Hellion x2  
  36  4:00  Supply Depot  
  36  4:01  SCV  
  41  4:07  SCV  
  42  4:13  SCV  
  42  4:16  Factory Tech Lab  
  43  4:19  SCV, Factory  
  43  4:24  Supply Depot  
  44  4:25  SCV  
  45  4:31  SCV  
  45  4:32  Refinery  
  45  4:38  SCV  
  47  4:43  SCV  
  48  4:47  Supply Depot  
  48  4:50  SCV  
  48  4:51  Cyclone  
  52  4:54  Infernal Pre-Igniter  
  52  4:55  SCV  
  52  4:56  Hellion  
  52  4:57  Hellion  
  57  5:02  SCV  
  58  5:07  SCV  
  60  5:14  SCV  
  60  5:20  SCV  
  61  5:22  Factory Tech Lab  
  61  5:23  Command Center  
  61  5:25  Supply Depot  
  61  5:26  SCV, Engineering Bay  
  62  5:30  Armory  
  62  5:32  SCV  
  61  5:37  Cyclone  
  61  5:38  SCV  
  61  5:39  Hellion x2  
  69  5:44  SCV  
  69  5:47  Supply Depot  
  70  5:50  SCV  
  70  5:52  Cyclone  
  70  5:56  SCV  
  75  6:01  Hellion  
  75  6:02  SCV  
  75  6:03  Refinery  
  78  6:08  SCV  
  79  6:14  SCV  
  79  6:16  Refinery  
  79  6:17  Cyclone  
  83  6:18  Missile Turret  
  83  6:20  SCV  
  83  6:24  Cyclone  
  87  6:25  Terran Vehicle And Ship Armor Level 1, Refinery  
  87  6:26  SCV  
  87  6:31  Supply Depot  
  87  6:32  SCV  
  89  6:39  SCV  
  88  6:42  SCV  
  88  6:44  SCV  
  88  6:49  Thor  
  88  6:51  SCV  
  94  6:56  Siege Tank, SCV  
  99  7:03  SCV  
  99  7:20  SCV x2  
  101  7:23  Hellbat x2  
  101  7:28  Cyclone, Factory x2  
  108  7:30  Orbital Command  
  108  7:32  Siege Tank, SCV x2  
  113  7:44  SCV  
  113  7:45  SCV  
  113  7:47  Command Center  
  115  7:54  Supply Depot  
  115  7:56  Missile Turret  
  115  7:57  SCV x2  
  117  7:59  Missile Turret  
  117  8:00  Siege Tank  
  117  8:03  SCV  
  121  8:09  SCV x2  
  121  8:12  Missile Turret  
  123  8:14  Supply Depot  
  123  8:15  SCV  
  123  8:16  Hellbat, Thor  
  132  8:21  SCV  
  132  8:22  Factory Tech Lab  
  132  8:23  Factory Tech Lab  
  133  8:28  Starport  
  133  8:33  Factory x2  
  133  8:36  Hellbat  
  133  8:41  Supply Depot  
  135  8:43  Supply Depot  
  135  8:44  Supply Depot  
  135  8:49  SCV  
  135  8:50  SCV x2  
  138  8:58  Thor  
  138  9:02  SCV  
  131  9:20  Siege Tank  
  131  9:21  Siege Tank, Hellbat x2  
  131  9:22  Hellbat  
  136  9:34  Viking  
  138  9:41  Hellbat  
  138  9:42  Thor  
  138  9:43  Hellbat x2  
  150  9:46  Factory  
  150  9:50  Supply Depot x2  
  140  9:53  Hellbat x2  
  119  10:03  Hellbat  
  119  10:04  Hellbat  
Show
View Real Time Build Order
Export as new Build Order

ViBE Zerg - Winner!

Build Orders: Hatch First, Roach Hydra 

Get SALT Encoding   

  12  0:00  Drone  
  13  0:13  Overlord  
  13  0:21  Drone  
  14  0:32  Drone x2  
  16  0:51  Hatchery  
  16  0:54  Drone  
  16  0:58  Drone  
  16  1:03  Drone  
  18  1:15  Spawning Pool  
  17  1:19  Drone  
  18  1:30  Drone x2  
  20  1:33  Extractor  
  19  1:41  Overlord  
  19  1:59  Drone  
  20  2:02  Drone  
  20  2:08  Drone  
  22  2:10  Queen x2  
  22  2:12  Drone  
  27  2:18  Overlord  
  27  2:23  Drone  
  28  2:33  Drone x2  
  30  2:39  Drone  
  31  2:50  Drone  
  32  2:52  Drone  
  32  2:54  Lair  
  33  3:00  Overlord  
  33  3:01  Drone  
  34  3:05  Overlord  
  34  3:14  Drone  
  34  3:17  Queen  
  37  3:24  Drone x6  
  43  3:27  Roach Warren  
  43  3:30  Evolution Chamber  
  41  3:34  Drone  
  41  3:35  Drone x3  
  41  3:37  Extractor  
  41  3:40  Extractor  
  43  3:50  Hatchery  
  43  3:51  Drone x2  
  43  3:54  Queen  
  46  4:00  Drone x2  
  48  4:07  Glial Reconstitution  
  48  4:08  Zerg Missile Weapons Level 1  
  48  4:13  Drone x2  
  48  4:14  Overlord  
  48  4:15  Overlord  
  50  4:23  Roach x2  
  54  4:34  Roach x2  
  54  4:35  Roach x3  
  64  4:50  Overlord x2  
  64  4:53  Drone  
  64  4:54  Drone x3  
  68  5:05  Drone x3  
  71  5:11  Drone x2  
  71  5:12  Drone x4  
  77  5:24  Overlord  
  77  5:28  Drone x3  
  80  5:30  Extractor  
  80  5:33  Extractor  
  78  5:39  Evolution Chamber  
  78  5:40  Hydralisk Den  
  78  5:42  Drone x7  
  83  5:43  Drone x6  
  83  5:49  Extractor  
  88  5:55  Overlord x3  
  88  5:58  Hatchery  
  87  6:05  Drone  
  88  6:16  Hydralisk  
  88  6:17  Hydralisk x9  
  108  6:22  Zerg Missile Weapons Level 2  
  108  6:25  Zerg Ground Armor Level 1  
  108  6:27  Muscular Augments  
  108  6:31  Overseer  
  108  6:46  Queen  
  108  6:51  Hydralisk x6  
  108  6:52  Hydralisk  
  118  7:14  Drone  
  118  7:15  Drone x10  
  129  7:39  Grooved Spines  
  129  7:42  Drone x4  
  129  7:43  Drone x3  
  136  7:45  Overlord x6  
  136  8:01  Extractor x2  
  134  8:08  Hatchery, Infestation Pit  
  134  8:11  Drone x5  
  137  8:13  Hydralisk x7  
  151  8:20  Overlord x4  
  151  8:22  Roach  
  151  8:23  Roach x7  
  151  8:26  Zerg Ground Armor Level 2  
  167  8:42  Hydralisk x2, Roach x2  
  167  8:43  Roach x3  
  181  8:50  Hydralisk  
  181  8:51  Hydralisk x8  
  199  9:06  Queen  
  195  9:17  Hive  
  195  9:21  Hydralisk x3  
  185  9:59  Lurker Den  
  164  10:01  Drone  
  164  10:02  Roach x4  
  164  10:03  Hydralisk x8, Roach x7  
  164  10:04  Hydralisk x2  
Tags
 
Add a new tag
Caveats
  • Supply blocks, unpowered buildings, or Contaminate may cause inaccurate times.
  • Supply counts are checked every 10 seconds.